 Dungeon Sprint DCSS version 0.30-a0-989-g0d87f670db (webtiles) character file.

Game seed: 11229818343680846419

4513 domi the Imperceptible (level 10, -1/82 HPs)
             Began as a Vine Stalker Enchanter on Apr 3, 2023.
             Was a Priest of Uskayaw.
             Slain by an unseen horror (3 damage)
             ... in the Dungeon (Sprint I: "Red Sonja").
             The game lasted 00:05:17 (504 turns).

domi the Imperceptible (Vine Stalker Enchanter)      Turns: 504, Time: 00:05:18

Health: -1/82      AC:  2    Str: 10    XL:     10   Next: 39%
Magic:  0/22       EV: 12    Int: 19    God:    Uskayaw [***...]
Gold:   1033       SH:  0    Dex: 16    Spells: 16/24 levels left

rFire   . . .      SeeInvis .    a - +4 dagger
rCold   . . .      Faith    .    (no shield)
rNeg    . . .      Spirit   +    b - +0 robe
rPois   .          Reflect  .    (no helmet)
rElec   .          Rampage  .    (no cloak)
rCorr   .          NoTele   +    (no gloves)
Will    +....                    (no boots) Stlth
                                 (no amulet)
HPRegen 1.13/turn                (no ring)
MPRegen 0.18/turn                (no ring)

@: berserking (expiring), very quick
A: fangs 3, regeneration 1, magic shield, antimagic bite, no potion heal 2
a: Renounce Religion, Stomp, Line Pass


You were in the Dungeon.
You worshipped Uskayaw.
Uskayaw was noncommittal.
You visited 1 branch You collected 1033 gold pieces.

Inventory:

Hand Weapons
 a - a +4 dagger (weapon)
Missiles
 e - 4 curare-tipped darts (quivered) {=f}
Armour
 b - a +0 robe (worn)
Potions
 d - 5 potions of curing {@q1}
 g - 2 potions of berserk rage {!q!q}


   Skills:
 + Level 7.0 Fighting
 + Level 1.7 Short Blades
 - Level 1.5 Dodging
 + Level 23.3 Stealth
 + Level 7.9 Spellcasting
 - Level 10.0 Hexes
 - Level 5.0 Ice Magic
 + Level 2.0 Invocations


You had 16 spell levels left.
You knew the following spells:

 Your Spells              Type           Power      Damage    Failure   Level
x - Tukima's Dance        Hex            45%        N/A       1%          3
z - Ensorcelled Hibernat  Hex/Ice        72%        N/A       1%          2
Z - Confusing Touch       Hex            45%        N/A       1%          3

Your spell library contained the following spells:

 Spells                   Type           Power      Damage    Failure   Level
 Dazzling Flash           Conj/Hex       52%        N/A       3%          3


Dungeon Overview and Level Annotations

Branches:
Dungeon (1/1)

Altars:
Cheibriados
Dithmenos
Elyvilon
Fedhas
Gozag
Hepliaklqana
Kikubaaqudgha
Makhleb
Nemelex Xobeh
Okawaru
Qazlal
Ru
Sif Muna
Trog
Uskayaw
Vehumet
Wu Jian
Xom
Yredelemnul
Zin
The Shining One
Jiyva
Lugonu

Shops:
D *?=[


Innate Abilities, Weirdness & Mutations

You have razor-sharp teeth.
Your natural rate of healing is unusually fast.
When hurt, damage is shared between your health and your magic reserves.
Your bite disrupts and absorbs the magic of your enemies.
Potions cannot restore your health.


Message History

The necrophage hits you but does no damage.
You hit the necrophage but do no damage.
The necrophage hits you.
You hit the necrophage. The necrophage misses you.
You hit the necrophage.
You destroy the necrophage!
Your life force feels restored.
Your Invocations skill increases to level 1!
You see here a necrophage corpse.
There is an open door here.
You swing at nothing.
You swing at nothing.
You swing at nothing.
You swing at nothing.
You swing at nothing.
You swing at nothing.
You can no longer pass through a line of other dancers.
You swing at nothing.
You see here a necrophage corpse.
You see here a necrophage corpse.
There is an open door here.
You swing at nothing.
You swing at nothing.
You swing at nothing.
You swing at nothing.
You swing at nothing.
You swing at nothing.
You swing at nothing.
You see here a necrophage corpse.
There is an open gate here.
Deactivating autopickup; reactivate with Ctrl-A.
You hit something but do no damage. You bite something. You drain its power.
Something hits you. x2; Something unseen opens the door.
Something hits you.
Unknown command.
You closely miss something. Your bite misses something.
Something barely misses you. Something hits you. Something barely misses you.
Unknown command.
Found Osmyi's Jewellery Shoppe.
Something hits you. The necrophage hits you.
You feel drained. Something hits you! Something hits you!
The necrophage attacks as you move away!
The necrophage hits you.
You feel drained. Something hits you! x2
* * * LOW HITPOINT WARNING * * *
The necrophage attacks as you move away!
The necrophage hits you.
* * * LOW HITPOINT WARNING * * *
Something hits you but does no damage. Something hits you!
* * * LOW HITPOINT WARNING * * *
Unknown command.
Magic courses through your body. The necrophage barely misses you.
The necrophage attacks as you move away!
The necrophage closely misses you. Something hits you.
* * * LOW HITPOINT WARNING * * *
Something hits you but does no damage. Something completely misses you.
Something hits you but does no damage. Something hits you.
* * * LOW HITPOINT WARNING * * *
You see here a necrophage corpse.
Something hits you.
* * * LOW HITPOINT WARNING * * *
Something hits you.
There is an open door here.
You aren't carrying any items that you can evoke.
Really quaff
g - 3 potions of berserk rage {!q!q}?
A red film seems to cover your vision as you go berserk!
You feel yourself moving faster!
You feel mighty! Something hits you!
* * * LOW HITPOINT WARNING * * *
You miss something. You bite something. You drain its power.
You feel invigorated. Something hits you!
* * * LOW HITPOINT WARNING * * *
Something completely misses you.
You closely miss something. You bite something! You drain its power.
You feel invigorated.
You barely miss something. You bite something! You drain its power.
You feel invigorated. Something barely misses you.
You can now pass through a line of other dancers.
You miss something. Something hits you!
* * * LOW HITPOINT WARNING * * *
You hit something. Something hits you!
* * * LOW HITPOINT WARNING * * *
Something hits you!
* * * LOW HITPOINT WARNING * * *
You puncture something! You bite something! You drain its power.
You feel invigorated. Something hits you!
* * * LOW HITPOINT WARNING * * *
Uskayaw will force your foes to helplessly watch your dance.
Uskayaw prepares the audience for your solo!
You puncture something!
Reactivating autopickup.
You feel a bit more experienced.
Your life force feels restored.
Your Fighting skill increases to level 7!
Your Short Blades skill increases to level 1!
Your Invocations skill increases to level 2!
Deactivating autopickup; reactivate with Ctrl-A.
You hit something. Something hits you.
You die...

_###'#,#.[§)###.'.#,,,***++**,**,
####.####'###[###.#,,***,,***,,*+
..'...'.....')∩##.#,,****,,***,,,
###.).###########§#*+*,,*,,*,***,
*###.###.......##.#*,*,,,,,,,,,*,
,#.#'#.#........+§#***,,,,,,,,,*,
,#.....#'''######§#,,+,,,,,,****+
,#.....#......n{#§#****,,,***,,,,
,#######.§....§#@§#,,,*****,,,***
,*#nn[$..§.§..~####,,,,,,,,,***,,
,*#)))....§..~~#*,,,,,,,*****^,,,
,*##.......~~~##*,,,,,,**,,,,,^^,
** ###..n~~~### *,,,,,**,,,,,,,,^
∩***#'######'****,,,,,*,,,,,,,,^,
,**∩∩#******#∩∩************^^,,,^
∩***∩∩∩∩∩∩∩∩∩∩***~~~~~~~~,*,,,,,,
** ************ ***********^,,,,,


You could see a necrophage.

Vanquished Creatures
  2 centaur warriors (D)
  Sonja (D)
  A deep troll (D)
  An oklob plant (D)
  An unseen horror (D)
  A hornet (D)
  A slime creature (D)
  Sigmund (D)
  A yak (D)
  2 redbacks (D)
  A floating eye (D)
  An ogre (D)
  3 necrophages (D)
  8 jellies (D)
  Ijyb (D)
  A ballistomycete spore (D)
27 creatures vanquished.

Vanquished Creatures (others)
  A ballistomycete spore (D)
1 creature vanquished.

Grand Total: 28 creatures vanquished

Notes
Turn   | Place    | Note
-------+----------+-------------------------------------------
     0 | D        | domi the Vine Stalker Enchanter began the quest for the
                  | Orb.
     0 | D        | Reached XP level 1. HP: 9/9 MP: 4/4
     4 | D        | Noticed Ijyb
    20 | D        | Noticed an ogre
    23 | D        | Killed Ijyb
    24 | D        | Reached skill level 6 in Stealth
    24 | D        | Reached skill level 5 in Hexes
    24 | D        | Reached XP level 2. HP: 13/13 MP: 6/6
    24 | D        | Reached XP level 3. HP: 16/16 MP: 7/7
    25 | D        | Killed an ogre
    26 | D        | Reached skill level 9 in Stealth
    26 | D        | Reached skill level 7 in Hexes
    26 | D        | Gained mutation: Your natural rate of healing is unusually
                  | fast. [Vine Stalker growth]
    26 | D        | Reached XP level 4. HP: 21/21 MP: 8/8
    27 | D        | Noticed Sigmund
    36 | D        | Killed Sigmund
    37 | D        | Reached skill level 12 in Stealth
    37 | D        | Reached skill level 9 in Hexes
    37 | D        | Reached XP level 5. HP: 24/24 MP: 9/9
    37 | D        | Reached XP level 6. HP: 28/28 MP: 10/10
    44 | D        | Found a burning altar of Makhleb.
    44 | D        | Found a viscous altar of Jiyva.
    44 | D        | Found a shimmering altar of Xom.
    44 | D        | Found a corrupted altar of Lugonu.
    44 | D        | Noticed a slime creature
    52 | D        | HP: 2/28 [slime creature (14)]
    53 | D        | Killed a slime creature
    54 | D        | Reached skill level 14 in Stealth
    54 | D        | Reached skill level 10 in Hexes
    54 | D        | Reached XP level 7. HP: 3/32 MP: 1/11
    55 | D        | Found an ornate altar of the Wu Jian Council.
    55 | D        | Found a shimmering blue altar of Sif Muna.
    57 | D        | Found a radiant altar of Vehumet.
    62 | D        | Reached skill level 15 in Stealth
    63 | D        | Found Biyffar's Magic Scroll Emporium.
    63 | D        | Found an ancient bone altar of Kikubaaqudgha.
    63 | D        | Found a hazy altar of Hepliaklqana.
    63 | D        | Found a stormy altar of Qazlal.
    63 | D        | Found a hide-covered altar of Uskayaw.
    63 | D        | Found a blossoming altar of Fedhas.
    63 | D        | Found a bloodstained altar of Trog.
    63 | D        | Found an iron altar of Okawaru.
    63 | D        | Found a basalt altar of Yredelemnul.
    63 | D        | Found a glowing golden altar of the Shining One.
    63 | D        | Found a snail-covered altar of Cheibriados.
    63 | D        | Found a sacrificial altar of Ru.
    63 | D        | Found a glowing silver altar of Zin.
    63 | D        | Found a shadowy altar of Dithmenos.
    63 | D        | Found a white marble altar of Elyvilon.
    63 | D        | Noticed a yak
    64 | D        | Found an opulent altar of Gozag.
    65 | D        | Killed a yak
    66 | D        | Reached skill level 16 in Stealth
    67 | D        | Noticed Sonja
    71 | D        | Killed Sonja
    72 | D        | Reached skill level 19 in Stealth
    72 | D        | Gained mutation: You have razor-sharp teeth. [Vine Stalker
                  | growth]
    72 | D        | Reached XP level 8. HP: 21/36 MP: 3/12
    74 | D        | Noticed a deep troll
    78 | D        | Killed a deep troll
    79 | D        | Reached skill level 21 in Stealth
    79 | D        | Reached XP level 9. HP: 31/39 MP: 4/13
    82 | D        | Learned a level 2 spell: Ensorcelled Hibernation
    86 | D        | Learned a level 3 spell: Confusing Touch
    90 | D        | Learned a level 3 spell: Tukima's Dance
    95 | D        | Found Werunola's Armour Emporium.
   194 | D        | Found a sparkling altar of Nemelex Xobeh.
   198 | D        | Became a worshipper of Uskayaw the Reveller
   210 | D        | Found Jigyr's General Store.
   281 | D        | Noticed a centaur warrior
   281 | D        | Noticed a centaur warrior
   284 | D        | Killed a centaur warrior
   284 | D        | Reached * piety under Uskayaw
   285 | D        | Reached skill level 3 in Fighting
   285 | D        | Reached skill level 22 in Stealth
   285 | D        | Reached skill level 4 in Spellcasting
   285 | D        | Reached skill level 3 in Ice Magic
   285 | D        | Killed a centaur warrior
   285 | D        | Reached ** piety under Uskayaw
   286 | D        | Reached skill level 4 in Fighting
   286 | D        | Reached skill level 5 in Spellcasting
   286 | D        | Reached skill level 4 in Ice Magic
   287 | D        | Noticed a hornet
   290 | D        | Killed a hornet
   290 | D        | Reached *** piety under Uskayaw
   291 | D        | Reached skill level 5 in Fighting
   291 | D        | Reached skill level 5 in Ice Magic
   300 | D        | Noticed an oklob plant
   302 | D        | Killed an oklob plant
   303 | D        | Reached skill level 6 in Spellcasting
   303 | D        | Reached XP level 10. HP: 53/53 MP: 15/20
   312 | D        | HP: 13/53 [poisoned by a redback]
   314 | D        | Reached skill level 6 in Fighting
   314 | D        | Reached skill level 7 in Spellcasting
   374 | D        | Reached skill level 23 in Stealth
   385 | D        | Reached **** piety under Uskayaw
   388 | D        | HP: 12/53 [acid (9)]
   392 | D        | Reached ***** piety under Uskayaw
   459 | D        | Reached skill level 1 in Invocations
   488 | D        | Found Osmyi's Jewellery Shoppe.
   490 | D        | HP: 6/51 [something (8)]
   495 | D        | HP: 8/51 [something (2)]
   500 | D        | HP: 7/76 [something (2)]
   501 | D        | HP: 2/76 [something (3)]
   503 | D        | Killed an unseen horror
   504 | D        | Reached skill level 7 in Fighting
   504 | D        | Reached skill level 1 in Short Blades
   504 | D        | Reached skill level 2 in Invocations
   504 | D        | Slain by an unseen horror

Illustrated notes

Levels and vault maps discovered:
D:        dungeon_sprint_1 [red_sonja_temple_1, red_sonja_temple_small_1]

Skill      XL: |  1  2  3  4  5  6  7  8  9 10 |
---------------+-------------------------------+-----
Stealth        | 6 9 12 14 19 21 22 23 | 23.3
Hexes          | 5 7 9 10 | 10.0
Fighting       | 5 7 |  7.0
Spellcasting   | 6 7 |  7.9
Ice Magic      | 5 |  5.0
Invocations    | 2 |  2.0
Short Blades   | 1 |  1.7
Dodging        | |  1.5

Action                     |  1- 3 |  4- 6 |  7- 9 | 10-12 || total
---------------------------+-------+-------+-------+-------++-------
  Melee: Dagger            |    17 |    14 |     9 |    37 ||    77
         Bite              |     2 |     4 |       |    11 ||    17
         Punch             |       |       |       |     1 ||     1
   Cast: Ensorcelled Hiber |       |       |       |     7 ||     7
    Use: Potion            |     2 |       |       |     5 ||     7
         Scroll            |       |       |     6 |     1 ||     7
   Stab: Invisible         |     3 |     4 |       |       ||     7
         Sleeping          |     2 |       |     9 |    11 ||    22
 Armour: Robe              |     1 |       |       |     6 ||     7
  Dodge: Dodged            |     6 |     4 |       |    19 ||    29

Table legend: (Time is in decaauts)
 A = Elapsed time spent in this place.
 B = Non-inter-level travel time spent in this place.
 C = Inter-level travel time spent in this place.
 D = Time resting spent in this place.
 E = Time spent auto-exploring this place.
 F = Levels seen in this place.
 G = Mean time per level.
                   A        B        C        D        E       F      G
               +--------+--------+--------+--------+--------+-----+--------+
         Total |    480 |    480 |      0 |     47 |      0 |   1 |  480.0 |
       Dungeon |    480 |    480 |      0 |     47 |      0 |   1 |  480.0 |
               +--------+--------+--------+--------+--------+-----+--------+

Top non-repeatable levels by time:
       D: 480 daAuts

Table legend:
 A = Kills in this place as a percentage of kills in the entire game.
 B = Kills by you in this place as a percentage of kills by you in the entire game.
 C = Kills by friends in this place as a percentage of kills by friends in the entire game.
 D = Other kills in this place as a percentage of other kills in the entire game.
 E = Experience gained in this place as a percentage of experience gained in the entire game.
 F = Experience gained in this place divided by the number of levels of this place that you have seen.
                   A       B       C       D       E      F
               +-------+-------+-------+-------+-------+----------------------
         Total | 100.0 | 100.0 |   N/A |   N/A | 100.0 | 6448.0
       Dungeon | 100.0 | 100.0 |   N/A |   N/A | 100.0 | 6448.0
               +-------+-------+-------+-------+-------+----------------------
